| TOP OF THE 1ST |
|
Boston (APP) Red Sox batting - Pitching for Great Falls Voyagers : RHP Dicky Goedhart
|
|
Pitching: RHP Dicky Goedhart
|
|
|
Batting: RHB Aukukero Tairi
|
0-0: Called Strike 0-1: Ball 1-1: Ball 2-1: Ball 3-1: Foul Ball, location: 2F 3-2: Foul Ball, location: 2F 3-2: Strikes out swinging
|
|
Batting: SHB Salvador Padilla
|
0-0: Ground out 6-3 (Groundball, 6, EV 92.5 MPH)
|
|
Batting: LHB Carlos Guerra
|
0-0: Called Strike 0-1: Swinging Strike 0-2: Ball 1-2: Ball 2-2: Ball 3-2: Foul Ball, location: 2F 3-2: Ground out 6-3 (Groundball, 6, EV 81.2 MPH)
|
| Top of the 1st over - 0 runs, 0 hits, 0 errors, 0 left on base; Boston (APP) 0 - Great Falls 0 |
| BOTTOM OF THE 1ST |
|
Great Falls Voyagers batting - Pitching for Boston (APP) Red Sox : RHP Ryuhei Shimabukuro
|
|
Pitching: RHP Ryuhei Shimabukuro
|
|
|
Batting: SHB Jay Gagnon
|
0-0: SINGLE (Groundball, 15S, EV 70.0 MPH) (infield hit)
|
|
Batting: RHB Mike Rosa
|
0-0: Ball 1-0: Ball Jay Gagnon steals 2nd base 2-0: Ball 3-0: Called Strike 3-1: Foul Ball, location: 2F 3-2: Base on Balls
|
|
Batting: LHB Justin Stickney
|
0-0: Called Strike 0-1: Foul Ball, location: 2F 0-2: Grounds into double play, 1-4-3 (Groundball, 15S, EV 71.2 MPH) Jay Gagnon to third
|
|
Batting: RHB Duncan Collins
|
0-0: Called Strike 0-1: Swinging Strike 0-2: Foul Ball, location: 2F 0-2: Strikes out swinging
|
| Bottom of the 1st over - 0 runs, 1 hit, 0 errors, 1 left on base; Boston (APP) 0 - Great Falls 0 |
| TOP OF THE 2ND |
|
Boston (APP) Red Sox batting - Pitching for Great Falls Voyagers : RHP Dicky Goedhart
|
|
Batting: RHB Dave Burwell
|
0-0: Ball 1-0: Fly out, F7 (Flyball, 7, EV 89.4 MPH)
|
|
Batting: RHB Alex Melendez
|
0-0: SINGLE (Line Drive, 8LS, EV 97.5 MPH)
|
|
Batting: RHB Miguel Villanueva
|
0-0: Ball 1-0: Fielders Choice at 2nd, 4-6 (Groundball, 34, EV 103.8 MPH)
|
|
Batting: RHB Tony Gallegos
|
0-0: Called Strike 0-1: Ball Miguel Villanueva steals 2nd base 1-1: Called Strike 1-2: Strikes out swinging
|
| Top of the 2nd over - 0 runs, 1 hit, 0 errors, 1 left on base; Boston (APP) 0 - Great Falls 0 |
| BOTTOM OF THE 2ND |
|
Great Falls Voyagers batting - Pitching for Boston (APP) Red Sox : RHP Ryuhei Shimabukuro
|
|
Batting: RHB Andy Cotton
|
0-0: Ground out 6-3 (Groundball, 6M, EV 88.8 MPH)
|
|
Batting: RHB Mitch Cuadros
|
0-0: Ball 1-0: Ground out 6-3 (Groundball, 6S, EV 79.4 MPH)
|
|
Batting: SHB Ethan Villalobos
|
0-0: Called Strike 0-1: Foul Ball, location: 2F 0-2: Ball 1-2: Strikes out swinging
|
| Bottom of the 2nd over - 0 runs, 0 hits, 0 errors, 0 left on base; Boston (APP) 0 - Great Falls 0 |
| TOP OF THE 3RD |
|
Boston (APP) Red Sox batting - Pitching for Great Falls Voyagers : RHP Dicky Goedhart
|
|
Batting: RHB Mario Arriero
|
0-0: Foul Ball, location: 2F 0-1: Ball 1-1: Foul Ball, location: 2F 1-2: Ball 2-2: Ball 3-2: Foul Ball, location: 2F 3-2: Foul Ball, location: 2F 3-2: Strikes out swinging
|
|
Batting: RHB Bakhtiar Asadov
|
0-0: Ball 1-0: Called Strike 1-1: Ground out 5-3 (Groundball, 56S, EV 78.8 MPH)
|
|
Batting: RHB Aukukero Tairi
|
0-0: Called Strike 0-1: Foul Ball, location: 2F 0-2: Foul Ball, location: 2F 0-2: Strikes out looking
|
| Top of the 3rd over - 0 runs, 0 hits, 0 errors, 0 left on base; Boston (APP) 0 - Great Falls 0 |
| BOTTOM OF THE 3RD |
|
Great Falls Voyagers batting - Pitching for Boston (APP) Red Sox : RHP Ryuhei Shimabukuro
|
|
Batting: RHB Tommy Ellington
|
0-0: Called Strike 0-1: SOLO HOME RUN (Flyball, 78XD, EV 101.2 MPH), Distance : 401 ft
|
|
Batting: RHB Billy Grubbs
|
0-0: Called Strike 0-1: Called Strike 0-2: Foul Ball, location: 2F 0-2: Strikes out swinging
|
|
Batting: SHB Jay Gagnon
|
0-0: Ball 1-0: Ball 2-0: Ball 3-0: Called Strike 3-1: Called Strike 3-2: Foul Ball, location: 2F 3-2: Base on Balls
|
|
Batting: RHB Mike Rosa
|
0-0: Ball 1-0: Called Strike Jay Gagnon steals 2nd base (no throw) 1-1: Foul Ball, location: 2F 1-2: Foul Ball, location: 2F 1-2: Ground out 6-3 (Groundball, 56, EV 84.4 MPH)
|
|
Batting: LHB Justin Stickney
|
0-0: Foul Ball, location: 2F 0-1: Ball 1-1: Ball 2-1: Foul Ball, location: 2F 2-2: Ball 3-2: Ground out U3 (Groundball, 3D, EV 81.2 MPH)
|
| Bottom of the 3rd over - 1 run, 1 hit, 0 errors, 1 left on base; Boston (APP) 0 - Great Falls 1 |
| TOP OF THE 4TH |
|
Boston (APP) Red Sox batting - Pitching for Great Falls Voyagers : RHP Dicky Goedhart
|
|
Batting: SHB Salvador Padilla
|
0-0: Swinging Strike 0-1: SINGLE (Groundball, 4MD, EV 100.0 MPH)
|
|
Batting: LHB Carlos Guerra
|
0-0: Ball 1-0: Grounds out, U3 (Groundball, 3L, EV 80.0 MPH)
|
|
Batting: RHB Dave Burwell
|
0-0: Ball 1-0: Ball 2-0: Foul Ball, location: 2F 2-1: Ball 3-1: Base on Balls
|
|
Batting: RHB Alex Melendez
|
0-0: Called Strike 0-1: Grounds into double play, 5-4-3 (Groundball, 56, EV 108.8 MPH)
|
| Top of the 4th over - 0 runs, 1 hit, 0 errors, 1 left on base; Boston (APP) 0 - Great Falls 1 |
| BOTTOM OF THE 4TH |
|
Great Falls Voyagers batting - Pitching for Boston (APP) Red Sox : RHP Ryuhei Shimabukuro
|
|
Batting: RHB Duncan Collins
|
0-0: Called Strike 0-1: Ground out 6-3 (Groundball, 6S, EV 89.4 MPH)
|
|
Batting: RHB Andy Cotton
|
0-0: Called Strike 0-1: Ball 1-1: Called Strike 1-2: Foul Ball, location: 2F 1-2: Foul Ball, location: 2F 1-2: Strikes out looking
|
|
Batting: RHB Mitch Cuadros
|
0-0: Ball 1-0: Ball 2-0: Ball 3-0: Base on Balls
|
|
Batting: SHB Ethan Villalobos
|
0-0: Foul Ball, location: 2F 0-1: Ball 1-1: Fly out, F9 (Flyball, 9D, EV 100.6 MPH)
|
| Bottom of the 4th over - 0 runs, 0 hits, 0 errors, 1 left on base; Boston (APP) 0 - Great Falls 1 |
| TOP OF THE 5TH |
|
Boston (APP) Red Sox batting - Pitching for Great Falls Voyagers : RHP Dicky Goedhart
|
|
Batting: RHB Miguel Villanueva
|
0-0: Called Strike 0-1: Ball 1-1: Called Strike 1-2: Foul Ball, location: 2F 1-2: Ball 2-2: Ball 3-2: Strikes out swinging
|
|
Batting: RHB Tony Gallegos
|
0-0: Called Strike 0-1: Ball 1-1: DOUBLE (Groundball, 5L, EV 104.4 MPH)
|
|
Batting: RHB Mario Arriero
|
0-0: Ground out 4-3 (Groundball, 4, EV 84.4 MPH) Tony Gallegos to third
|
|
Batting: RHB Bakhtiar Asadov
|
0-0: SINGLE (Flyball, 3D, EV 98.8 MPH) Tony Gallegos scores
|
|
Batting: RHB Aukukero Tairi
|
0-0: Ball 1-0: SINGLE (Groundball, 56S, EV 74.4 MPH) (infield hit) Bakhtiar Asadov to second
|
|
Batting: SHB Salvador Padilla
|
0-0: Called Strike 0-1: Swinging Strike 0-2: Foul Ball, location: 2F 0-2: Ball 1-2: Ball 2-2: Fly out, F9 (Flyball, 9S, EV 85.0 MPH)
|
| Top of the 5th over - 1 run, 3 hits, 0 errors, 2 left on base; Boston (APP) 1 - Great Falls 1 |
| BOTTOM OF THE 5TH |
|
Great Falls Voyagers batting - Pitching for Boston (APP) Red Sox : RHP Ryuhei Shimabukuro
|
|
Batting: RHB Tommy Ellington
|
0-0: Ground out 6-3 (Groundball, 6, EV 84.4 MPH)
|
|
Batting: RHB Billy Grubbs
|
0-0: Called Strike 0-1: Foul Ball, location: 2F 0-2: Ball 1-2: Ball 2-2: Ball 3-2: Foul Ball, location: 2F 3-2: SOLO HOME RUN (Flyball, 7LD, EV 91.2 MPH), Distance : 356 ft
|
|
Batting: SHB Jay Gagnon
|
0-0: Foul Ball, location: 2F 0-1: Ball 1-1: Ball 2-1: Called Strike 2-2: Ball 3-2: Base on Balls
|
|
Batting: RHB Mike Rosa
|
0-0: Ball 1-0: Foul Ball, location: 2F 1-1: Swinging Strike 1-2: Foul Ball, location: 2F 1-2: Ball Jay Gagnon is caught stealing 2nd base 2-4 2-2: Ball 3-2: Base on Balls
|
|
Batting: LHB Justin Stickney
|
0-0: Ball Mike Rosa steals 2nd base 1-0: Ball 2-0: Ball 3-0: Foul Ball, location: 2F 3-1: Called Strike 3-2: Foul Ball, location: 2F 3-2: Foul Ball, location: 2F 3-2: Foul Ball, location: 2F 3-2: Base on Balls
|
|
Batting: RHB Duncan Collins
|
0-0: Called Strike 0-1: Foul Ball, location: 2F 0-2: Ball 1-2: Ball 2-2: Strikes out swinging
|
| Bottom of the 5th over - 1 run, 1 hit, 0 errors, 2 left on base; Boston (APP) 1 - Great Falls 2 |
| TOP OF THE 6TH |
|
Boston (APP) Red Sox batting - Pitching for Great Falls Voyagers : RHP Dicky Goedhart
|
|
Batting: LHB Carlos Guerra
|
0-0: Ball 1-0: Foul Ball, location: 2F 1-1: Ground out 4-3 (Groundball, 4, EV 83.8 MPH)
|
|
Batting: RHB Dave Burwell
|
0-0: Called Strike 0-1: Foul Ball, location: 2F 0-2: Ground out 6-3 (Groundball, 6, EV 104.4 MPH)
|
|
Batting: RHB Alex Melendez
|
0-0: Ground out 4-3 (Groundball, 4, EV 83.8 MPH)
|
| Top of the 6th over - 0 runs, 0 hits, 0 errors, 0 left on base; Boston (APP) 1 - Great Falls 2 |
| BOTTOM OF THE 6TH |
|
Great Falls Voyagers batting - Pitching for Boston (APP) Red Sox : RHP Ryuhei Shimabukuro
|
|
Batting: RHB Andy Cotton
|
0-0: Ball 1-0: Ball 2-0: Foul Ball, location: 2F 2-1: Ball 3-1: Base on Balls
|
|
Batting: RHB Mitch Cuadros
|
0-0: Called Strike 0-1: Ball 1-1: Ball 2-1: Ball 3-1: Base on Balls Andy Cotton to second
|
|
Pitching: RHP Danny Marquez
|
|
|
Batting: SHB Ethan Villalobos
|
0-0: Called Strike 0-1: Swinging Strike 0-2: Ball Wild Pitch! Andy Cotton to third Mitch Cuadros to second 1-2: Fly out, F7 (Flyball, 7, EV 99.4 MPH)
|
|
Batting: RHB Tommy Ellington
|
0-0: Ball 1-0: Ball 2-0: Ball 3-0: Called Strike 3-1: Foul Ball, location: 2F 3-2: SINGLE (Groundball, 56D, EV 95.6 MPH) Andy Cotton scores Mitch Cuadros to third
|
|
Batting: RHB Billy Grubbs
|
0-0: Reached via error on a dropped throw from SS, E4 (Groundball, 6, EV 88.1 MPH) Mitch Cuadros scores Tommy Ellington to second
|
|
Batting: SHB Jay Gagnon
|
0-0: Ball 1-0: Ball 2-0: Foul Ball, location: 2F 2-1: Called Strike 2-2: Fly out, F9 (Flyball, 9LM, EV 101.2 MPH) Runner from 2nd tags up, SAFE at 3rd with throw by RF
|
|
Batting: RHB Mike Rosa
|
0-0: Called Strike 0-1: Ball 1-1: Fly out, F9 (Flyball, 89D, EV 103.1 MPH)
|
| Bottom of the 6th over - 2 runs, 1 hit, 1 error, 2 left on base; Boston (APP) 1 - Great Falls 4 |
| TOP OF THE 7TH |
|
Boston (APP) Red Sox batting - Pitching for Great Falls Voyagers : RHP Dicky Goedhart
|
|
Batting: RHB Miguel Villanueva
|
0-0: Called Strike 0-1: Ball 1-1: Ball 2-1: Called Strike 2-2: Foul Ball, location: 2F 2-2: Foul Ball, location: 2F 2-2: Strikes out swinging
|
|
Pitching: RHP Alec Guglielmo
|
|
|
Batting: RHB Tony Gallegos
|
0-0: Called Strike 0-1: Ball 1-1: Ball 2-1: Ball 3-1: Base on Balls
|
|
Batting: RHB Mario Arriero
|
0-0: Ball 1-0: Called Strike 1-1: Foul Ball, location: 2F 1-2: Ball 2-2: Strikes out swinging
|
|
Batting: RHB Bakhtiar Asadov
|
0-0: Called Strike 0-1: Ball 1-1: Swinging Strike 1-2: DOUBLE (Groundball, 5L, EV 103.1 MPH) Tony Gallegos to third Runner from 3rd tries for Home, SAFE, throw by LF to home
|
|
Batting: RHB Aukukero Tairi
|
0-0: Ball Wild Pitch! Bakhtiar Asadov to third 1-0: Foul Ball, location: 2F 1-1: Foul Ball, location: 2F 1-2: Fly out, F9 (Flyball, 9, EV 87.5 MPH)
|
| Top of the 7th over - 1 run, 1 hit, 0 errors, 1 left on base; Boston (APP) 2 - Great Falls 4 |
| BOTTOM OF THE 7TH |
|
Great Falls Voyagers batting - Pitching for Boston (APP) Red Sox : RHP Danny Marquez
|
|
Batting: LHB Justin Stickney
|
0-0: Ball 1-0: Ball 2-0: Called Strike 2-1: Swinging Strike 2-2: Ball 3-2: Base on Balls
|
|
Batting: RHB Duncan Collins
|
0-0: Ball 1-0: Ball 2-0: Ball 3-0: Called Strike 3-1: Base on Balls Justin Stickney to second
|
|
Batting: RHB Andy Cotton
|
0-0: Ball 1-0: Foul Ball, location: 2F 1-1: Hit by Pitch Justin Stickney to third Duncan Collins to second
|
|
Batting: RHB Mitch Cuadros
|
0-0: Hit by Pitch Justin Stickney scores Duncan Collins to third Andy Cotton to second
|
|
Batting: SHB Ethan Villalobos
|
0-0: Called Strike 0-1: Swinging Strike 0-2: GRAND SLAM HOME RUN (Flyball, 89XD, EV 100.0 MPH), Distance : 407 ft
|
|
Pitching: LHP Anton Lara
|
|
|
Batting: RHB Tommy Ellington
|
0-0: Fly out, F9 (Flyball, 89S, EV 80.6 MPH)
|
|
Batting: RHB Billy Grubbs
|
0-0: SINGLE (Groundball, 6, EV 97.5 MPH)
|
|
Batting: SHB Jay Gagnon
|
0-0: Ball Billy Grubbs is caught stealing 2nd base 2-4 1-0: Ball 2-0: Ball 3-0: Called Strike 3-1: Base on Balls
|
|
Batting: RHB Mike Rosa
|
0-0: Ball 1-0: Ball Jay Gagnon steals 2nd base (no throw) 2-0: DOUBLE (Line Drive, 89XD, EV 105.6 MPH) Jay Gagnon scores
|
|
Batting: LHB Justin Stickney
|
0-0: Ball 1-0: Ball 2-0: Ball 3-0: Called Strike 3-1: Foul Ball, location: 2F 3-2: Foul Ball, location: 2F 3-2: Foul Ball, location: 2F 3-2: Foul Ball, location: 2F 3-2: Foul Ball, location: 2F 3-2: Foul Ball, location: 2F 3-2: SINGLE (Line Drive, 78M, EV 98.8 MPH) Mike Rosa to third
|
|
Batting: RHB Duncan Collins
|
0-0: Swinging Strike 0-1: Swinging Strike 0-2: Ball 1-2: Ball Wild Pitch! Mike Rosa scores Justin Stickney to second 2-2: Strikes out swinging
|
| Bottom of the 7th over - 7 runs, 4 hits, 0 errors, 1 left on base; Boston (APP) 2 - Great Falls 11 |
| TOP OF THE 8TH |
|
Boston (APP) Red Sox batting - Pitching for Great Falls Voyagers : RHP Alec Guglielmo
|
|
Batting: SHB Salvador Padilla
|
0-0: Ball 1-0: Ball 2-0: Ball 3-0: Called Strike 3-1: Called Strike 3-2: Strikes out swinging, 2-3 out at first.
|
|
Batting: LHB Carlos Guerra
|
0-0: Foul Ball, location: 2F 0-1: Foul Ball, location: 2F 0-2: Hit by Pitch
|
|
Pinch Runner at 1st Jim Hubbard:
|
|
|
Batting: RHB Dave Burwell
|
0-0: Ball 1-0: Swinging Strike 1-1: Fly out, F8 (Flyball, 8RM, EV 90.6 MPH)
|
|
Batting: RHB Alex Melendez
|
0-0: Foul Ball, location: 2F 0-1: Foul Ball, location: 2F 0-2: Ball 1-2: Fly out, F8 (Line Drive, 78D, EV 91.2 MPH)
|
| Top of the 8th over - 0 runs, 0 hits, 0 errors, 1 left on base; Boston (APP) 2 - Great Falls 11 |
| BOTTOM OF THE 8TH |
|
Great Falls Voyagers batting - Pitching for Boston (APP) Red Sox : LHP Anton Lara
|
|
Now at 2B: Salvador Padilla
|
|
|
Now at 3B: Dave Burwell
|
|
|
Now in LF: Jim Hubbard
|
|
|
Batting: RHB Andy Cotton
|
0-0: Ball 1-0: Ball 2-0: Swinging Strike 2-1: Foul Ball, location: 2F 2-2: Strikes out swinging
|
|
Batting: RHB Mitch Cuadros
|
0-0: Called Strike 0-1: Ball 1-1: Ball 2-1: Ball 3-1: Base on Balls
|
|
Batting: SHB Ethan Villalobos
|
0-0: Ball 1-0: Ground out 6-3 (Groundball, 6S, EV 68.8 MPH) Mitch Cuadros to second
|
|
Batting: RHB Tommy Ellington
|
0-0: Ball 1-0: Foul Ball, location: 2F 1-1: Fly out, F8 (Flyball, 8RD, EV 93.8 MPH)
|
| Bottom of the 8th over - 0 runs, 0 hits, 0 errors, 1 left on base; Boston (APP) 2 - Great Falls 11 |
| TOP OF THE 9TH |
|
Boston (APP) Red Sox batting - Pitching for Great Falls Voyagers : RHP Alec Guglielmo
|
|
Batting: RHB Miguel Villanueva
|
0-0: Foul Ball, location: 2F 0-1: Foul Ball, location: 2F 0-2: Strikes out swinging
|
|
Pitching: RHP Ivan Gaona
|
|
|
Batting: RHB Tony Gallegos
|
0-0: Ground out 4-3 (Groundball, 4MS, EV 81.9 MPH)
|
|
Batting: RHB Mario Arriero
|
0-0: Ball 1-0: Foul Ball, location: 2F 1-1: Ball 2-1: Swinging Strike 2-2: Ball 3-2: Base on Balls
|
|
Batting: RHB Bakhtiar Asadov
|
0-0: Foul Ball, location: 2F 0-1: Swinging Strike 0-2: Ball 1-2: Foul Ball, location: 2F 1-2: Strikes out swinging
|
| Top of the 9th over - 0 runs, 0 hits, 0 errors, 1 left on base; Boston (APP) 2 - Great Falls 11 |
|